 Dungeon Crawl Stone Soup version 0.29-a0-289-g2178c42546 (webtiles) character file.

Game seed: 5829890933606985519

3778 sanka the Nimble (level 10, -2/73 (81) HPs)
             Began as a Gnoll Monk on Mar 17, 2022.
             Was an Elder of Trog.
             Slain by a wight
             ... wielding a +3 morningstar
              (9 damage)
             ... on level 8 of the Dungeon.
             The game lasted 00:12:23 (9899 turns).

sanka the Nimble (Gnoll Monk)                       Turns: 9899, Time: 00:12:24

HP:   -2/73 (81)    AC:  6    Str: 15    XL:     10   Next: 16%
MP:   17/17         EV: 20    Int:  9    God:    Trog [****..]
Gold: 583           SH:  0    Dex: 15    Spells: 19/19 levels left

rFire   . . .      SeeInvis .   G - +0 lajatang
rCold   . . .      Faith    .   (shield currently unavailable)
rNeg    . . .      Spirit   .   b - +0 robe
rPois   .          Reflect  .   j - +0 helmet
rElec   .          Harm     .   l - +0 cloak
rCorr   .          Rampage  .   p - +0 pair of gloves
Will    .....                   (no boots)
Stlth   +++.......              (no amulet)
HPRegen 0.22/turn               (no ring)
MPRegen 0.15/turn               s - +4 ring of evasion

@: on berserk cooldown, slowed, drained, very slow
A: fangs 1, strong nose, distributed training
a: Renounce Religion, Berserk, Trog's Hand, Brothers in Arms


You were on level 8 of the Dungeon.
You worshipped Trog.
Trog was greatly pleased with you.
You visited 1 branch of the dungeon, and saw 8 of its levels.
You also visited: Sewer.

You collected 583 gold pieces.


Innate Abilities, Weirdness & Mutations

You have very sharp teeth.
Your uncanny sense of smell can sniff out nearby items.
Your experience applies equally to all skills.


   Skills:
 + Level 8.3 Fighting
 + Level 5.0 Short Blades
 + Level 5.0 Long Blades
 + Level 8.3 Axes
 + Level 5.0 Maces & Flails
 + Level 5.0 Polearms
 + Level 5.0 Staves
 + Level 5.0 Slings
 + Level 5.0 Bows
 + Level 5.0 Crossbows
 + Level 5.0 Throwing
 + Level 5.0 Armour
 + Level 8.3 Dodging
 + Level 6.6 Stealth
 + Level 5.0 Shields
 + Level 5.0 Unarmed Combat
 + Level 5.0 Spellcasting
 + Level 4.1 Conjurations
 + Level 4.1 Hexes
 + Level 4.1 Summonings
 + Level 4.1 Necromancy
 + Level 4.1 Translocations
 + Level 4.1 Transmutations
 + Level 4.1 Fire Magic
 + Level 4.1 Ice Magic
 + Level 4.1 Air Magic
 + Level 4.1 Earth Magic
 + Level 4.1 Poison Magic
 + Level 5.5 Invocations
 + Level 5.0 Evocations


You had 19 spell levels left.
You didn't know any spells.
Your spell library was empty.

Inventory:

Hand Weapons
 a - a +0 hand axe
 A - a +1 short sword of draining
 G - a +0 lajatang (weapon)
 H - a +1 dagger of venom
 M - a +0 war axe
Missiles
 K - a curare-tipped dart (quivered) {=f}
 P - a throwing net {=f}
Armour
 b - a +0 robe (worn)
 j - a +0 helmet (worn)
 l - a +0 cloak (worn)
 p - a +0 pair of gloves (worn)
 q - a +0 chain mail
 J - a +0 pair of boots
Magical Staves
 f - a staff of earth
Jewellery
 s - a +4 ring of evasion (right hand)
Wands
 F - a wand of acid (10)
 L - a wand of iceblast (9)
 R - a wand of mindburst (16)
Scrolls
 d - 3 scrolls of teleportation {unknown}
 i - 2 scrolls of immolation {unknown}
 k - 3 scrolls of blinking {unknown}
 o - 2 scrolls of silence {unknown}
 r - 11 scrolls of identify {unknown}
 u - 2 scrolls of amnesia {unknown}
 v - a scroll of fog {unknown}
 w - a scroll of magic mapping {unknown}
 x - a scroll of acquirement {unknown}
 y - 3 scrolls of enchant armour {unknown}
 B - a scroll of fear {unknown}
 E - a scroll of noise {unknown}
Potions
 c - a potion of ambrosia
 e - 2 potions of might {unknown}
 g - 2 potions of curing {unknown}
 h - a potion of berserk rage {unknown}
 m - a potion of mutation {unknown}
 n - 2 potions of resistance {unknown}
 t - a potion of attraction {unknown}
 z - 4 potions of flight
 C - a potion of cancellation {unknown}
 D - 3 potions of lignification {unknown}
 I - a potion of invisibility {unknown}
 N - a potion of heal wounds {unknown}
 O - a potion of magic {unknown}
 Q - a potion of haste {unknown}
 S - a potion of brilliance {unknown}

Dungeon Overview and Level Annotations

Branches:
Dungeon (8/15)             Temple (0/1) D:4           Sewer (visited)
   Lair: D:8-11

Altars:
Dithmenos
Kikubaaqudgha
Okawaru
Qazlal
Trog
Uskayaw

Shops:
D:8

( .▒▒▒...▒▒▒▒▒.▒.▒.▒
.........Y.▒.....
▒.....▒▒.▒.▒.▒
▒...Y........▒
▒.....▒..▒.▒▒.▒
▒.....<..▒.▒▒.▒†..
...........Y.......
..▒.▒...▒..▒Y▒▒..).∩
. ▒.....▒.▒▒g▒ ....
...▒......zz▒ ...
...........z? ..
.............. ▒
.▒▒..▒▒....... .
▒.▒▒.▒▒▒. ▒. ▒.▒ ..
▒. ... ..


You could see 2 yaks and 3 wights.


Message History

* * * LOW HITPOINT WARNING * * *
The wight barely misses you. The wight hits you with a +0 falchion.
* * * LOW HITPOINT WARNING * * *
You feel drained.
* * * LOW HITPOINT WARNING * * *
The wight closely misses you. The yak closely misses you.
You barely miss the yak. The yak completely misses you. The wight misses you.
The wight barely misses you. The wight misses you.
The yak completely misses you. The wight misses you.
Unknown command.
You closely miss the yak. You bite the yak, but do no damage.
The wight completely misses you. The wight misses you.
The yak barely misses you.
Unknown command.
You slice the yak!!
The yak is heavily wounded.
The wight hits you with a +0 falchion.
* * * LOW HITPOINT WARNING * * *
The yak gores you!
* * * LOW HITPOINT WARNING * * *
The wight hits you with a +3 morningstar!
You die...

Action                   |  1- 3 |  4- 6 |  7- 9 | 10-12 || total
-------------------------+-------+-------+-------+-------++-------
Melee: Hand axe          |   111 |   284 |   154 |       ||   549
       Bite              |    12 |    23 |    40 |     6 ||    81
       Punch             |       |     3 |    10 |       ||    13
       Lajatang          |       |       |   150 |    19 ||   169
Invok: Trog's Hand       |       |     1 |       |       ||     1
       Berserk           |       |     3 |     4 |     1 ||     8
  Use: Potion            |       |     2 |       |       ||     2
 Stab: Sleeping          |    10 |     8 |    13 |       ||    31
Armor: Robe              |    12 |    59 |    61 |     4 ||   136
       Chain mail        |     2 |       |       |       ||     2
Dodge: Dodged            |    61 |   295 |   289 |    32 ||   677

Levels and vault maps discovered:
D:1:      scummos_arrival_simple_crosswalls, layout_basic,
          minmay_misc_feat_doors
D:2:      layout_basic, dreamdust_ecumenical_altar_statues
D:3:      layout_basic, nicolae_uskayaw_suspiria, lightli_sewer_entry_pipes,
          uniq_robin, uniq_terence
D:4:      minmay_spotlight, layout_gridville, trog_three_pillars_becter,
          minmay_temple_entry_enclosed_plants
D:5:      layout_basic, nicolae_overflow_crystal_walls, hex_tiny,
          minmay_misc_feat_ornament
D:6:      layout_basic, mainiacjoe_overflow_24_doors, marbit_many_paths,
          kennysheep_generic_room_12
D:7:      layout_loops_cross, okawaru_trees_2, kennysheep_dice
D:8:      layout_basic, serial_shops, shop, nicolae_shop_bloodbath_and_beyond,
          shop_statue, shop, uniq_gastronok

Notes
Turn   | Place    | Note
-------+----------+-------------------------------------------
     0 | D:1      | sanka the Gnoll Monk began the quest for the Orb.
     0 | D:1      | Reached XP level 1. HP: 23/23 MP: 1/1
   283 | D:1      | Reached XP level 2. HP: 29/29 MP: 2/2
   905 | D:2      | Reached XP level 3. HP: 25/35 MP: 3/3
  1058 | D:2      | Found a faded altar of an unknown god.
  1073 | D:2      | Prayed at the altar of an unknown god.
  1073 | D:2      | Became a worshipper of Trog the Wrathful
  1073 | D:2      | Reached * piety under Trog
  1073 | D:2      | Reached ** piety under Trog
  1380 | D:2      | Reached *** piety under Trog
  1722 | D:2      | Reached skill level 1 in Invocations
  1950 | D:3      | Reached skill level 1 in Short Blades
  1950 | D:3      | Reached skill level 1 in Long Blades
  1950 | D:3      | Reached skill level 1 in Maces & Flails
  1950 | D:3      | Reached skill level 1 in Polearms
  1950 | D:3      | Reached skill level 1 in Staves
  1950 | D:3      | Reached skill level 1 in Slings
  1950 | D:3      | Reached skill level 1 in Bows
  1950 | D:3      | Reached skill level 1 in Crossbows
  1950 | D:3      | Reached skill level 1 in Throwing
  1950 | D:3      | Reached skill level 1 in Armour
  1950 | D:3      | Reached skill level 1 in Shields
  1950 | D:3      | Reached skill level 1 in Unarmed Combat
  1950 | D:3      | Reached skill level 1 in Spellcasting
  1950 | D:3      | Reached skill level 1 in Evocations
  2021 | D:3      | Found a hide-covered altar of Uskayaw.
  2054 | D:3      | Reached XP level 4. HP: 41/41 MP: 5/5
  2157 | D:3      | Reached skill level 1 in Conjurations
  2157 | D:3      | Reached skill level 1 in Hexes
  2157 | D:3      | Reached skill level 1 in Summonings
  2157 | D:3      | Reached skill level 1 in Necromancy
  2157 | D:3      | Reached skill level 1 in Translocations
  2157 | D:3      | Reached skill level 1 in Transmutations
  2157 | D:3      | Reached skill level 1 in Fire Magic
  2157 | D:3      | Reached skill level 1 in Ice Magic
  2157 | D:3      | Reached skill level 1 in Air Magic
  2157 | D:3      | Reached skill level 1 in Earth Magic
  2157 | D:3      | Reached skill level 1 in Poison Magic
  2266 | D:3      | Found a glowing drain.
  2407 | Sewer    | Entered a sewer
  2417 | Sewer    | Reached XP level 5. HP: 45/47 MP: 6/6
  3653 | D:3      | Noticed Terence
  3732 | D:3      | Killed Terence
  3733 | D:3      | Reached skill level 2 in Invocations
  3733 | D:3      | Reached XP level 6. HP: 53/53 MP: 8/8
  3910 | D:3      | Noticed Robin
  3935 | D:3      | Killed Robin
  3935 | D:3      | Reached **** piety under Trog
  4540 | D:4      | Found a bloodstained altar of Trog.
  4616 | D:4      | Found a staircase to the Ecumenical Temple.
  4657 | D:4      | Noticed a two-headed ogre
  4670 | D:4      | Killed a two-headed ogre
  4671 | D:4      | Reached skill level 7 in Fighting
  4671 | D:4      | Reached skill level 2 in Short Blades
  4671 | D:4      | Reached skill level 2 in Long Blades
  4671 | D:4      | Reached skill level 7 in Axes
  4671 | D:4      | Reached skill level 2 in Maces & Flails
  4671 | D:4      | Reached skill level 2 in Polearms
  4671 | D:4      | Reached skill level 2 in Staves
  4671 | D:4      | Reached skill level 2 in Slings
  4671 | D:4      | Reached skill level 2 in Bows
  4671 | D:4      | Reached skill level 2 in Crossbows
  4671 | D:4      | Reached skill level 2 in Throwing
  4671 | D:4      | Reached skill level 2 in Armour
  4671 | D:4      | Reached skill level 7 in Dodging
  4671 | D:4      | Reached skill level 5 in Stealth
  4671 | D:4      | Reached skill level 2 in Shields
  4671 | D:4      | Reached skill level 2 in Unarmed Combat
  4671 | D:4      | Reached skill level 2 in Spellcasting
  4671 | D:4      | Reached skill level 2 in Conjurations
  4671 | D:4      | Reached skill level 2 in Hexes
  4671 | D:4      | Reached skill level 2 in Summonings
  4671 | D:4      | Reached skill level 2 in Necromancy
  4671 | D:4      | Reached skill level 2 in Translocations
  4671 | D:4      | Reached skill level 2 in Transmutations
  4671 | D:4      | Reached skill level 2 in Fire Magic
  4671 | D:4      | Reached skill level 2 in Ice Magic
  4671 | D:4      | Reached skill level 2 in Air Magic
  4671 | D:4      | Reached skill level 2 in Earth Magic
  4671 | D:4      | Reached skill level 2 in Poison Magic
  4671 | D:4      | Reached skill level 3 in Invocations
  4671 | D:4      | Reached skill level 2 in Evocations
  4671 | D:4      | Reached XP level 7. HP: 23/60 MP: 8/11
  4671 | D:4      | Reached XP level 8. HP: 25/67 MP: 8/12
  4981 | D:4      | Reached skill level 3 in Short Blades
  4981 | D:4      | Reached skill level 3 in Long Blades
  4981 | D:4      | Reached skill level 3 in Maces & Flails
  4981 | D:4      | Reached skill level 3 in Polearms
  4981 | D:4      | Reached skill level 3 in Staves
  4981 | D:4      | Reached skill level 3 in Slings
  4981 | D:4      | Reached skill level 3 in Bows
  4981 | D:4      | Reached skill level 3 in Crossbows
  4981 | D:4      | Reached skill level 3 in Throwing
  4981 | D:4      | Reached skill level 3 in Armour
  4981 | D:4      | Reached skill level 3 in Shields
  4981 | D:4      | Reached skill level 3 in Unarmed Combat
  4981 | D:4      | Reached skill level 3 in Spellcasting
  4981 | D:4      | Reached skill level 3 in Evocations
  5810 | D:5      | Entered Level 5 of the Dungeon
  5917 | D:5      | Found an ancient bone altar of Kikubaaqudgha.
  6271 | D:5      | Reached skill level 3 in Conjurations
  6271 | D:5      | Reached skill level 3 in Hexes
  6271 | D:5      | Reached skill level 3 in Summonings
  6271 | D:5      | Reached skill level 3 in Necromancy
  6271 | D:5      | Reached skill level 3 in Translocations
  6271 | D:5      | Reached skill level 3 in Transmutations
  6271 | D:5      | Reached skill level 3 in Fire Magic
  6271 | D:5      | Reached skill level 3 in Ice Magic
  6271 | D:5      | Reached skill level 3 in Air Magic
  6271 | D:5      | Reached skill level 3 in Earth Magic
  6271 | D:5      | Reached skill level 3 in Poison Magic
  6271 | D:5      | Reached skill level 4 in Invocations
  6622 | D:5      | Reached XP level 9. HP: 56/72 MP: 14/14
  7360 | D:6      | Reached skill level 4 in Short Blades
  7360 | D:6      | Reached skill level 4 in Long Blades
  7360 | D:6      | Reached skill level 4 in Maces & Flails
  7360 | D:6      | Reached skill level 4 in Polearms
  7360 | D:6      | Reached skill level 4 in Staves
  7360 | D:6      | Reached skill level 4 in Slings
  7360 | D:6      | Reached skill level 4 in Bows
  7360 | D:6      | Reached skill level 4 in Crossbows
  7360 | D:6      | Reached skill level 4 in Throwing
  7360 | D:6      | Reached skill level 4 in Armour
  7360 | D:6      | Reached skill level 4 in Shields
  7360 | D:6      | Reached skill level 4 in Unarmed Combat
  7360 | D:6      | Reached skill level 4 in Spellcasting
  7360 | D:6      | Reached skill level 4 in Evocations
  7730 | D:6      | Reached skill level 6 in Stealth
  7868 | D:6      | Found a stormy altar of Qazlal.
  8382 | D:6      | Found a shadowy altar of Dithmenos.
  8739 | D:7      | Reached skill level 8 in Fighting
  8739 | D:7      | Reached skill level 8 in Axes
  8739 | D:7      | Reached skill level 8 in Dodging
  8929 | D:7      | Reached skill level 5 in Invocations
  9192 | D:7      | Found an iron altar of Okawaru.
  9790 | D:7      | Reached skill level 4 in Conjurations
  9790 | D:7      | Reached skill level 4 in Hexes
  9790 | D:7      | Reached skill level 4 in Summonings
  9790 | D:7      | Reached skill level 4 in Necromancy
  9790 | D:7      | Reached skill level 4 in Translocations
  9790 | D:7      | Reached skill level 4 in Transmutations
  9790 | D:7      | Reached skill level 4 in Fire Magic
  9790 | D:7      | Reached skill level 4 in Ice Magic
  9790 | D:7      | Reached skill level 4 in Air Magic
  9790 | D:7      | Reached skill level 4 in Earth Magic
  9790 | D:7      | Reached skill level 4 in Poison Magic
  9790 | D:7      | Reached XP level 10. HP: 80/80 MP: 17/17
  9876 | D:8      | Found Ownafir's Weapon Emporium.
  9891 | D:8      | Reached skill level 5 in Short Blades
  9891 | D:8      | Reached skill level 5 in Long Blades
  9891 | D:8      | Reached skill level 5 in Maces & Flails
  9891 | D:8      | Reached skill level 5 in Polearms
  9891 | D:8      | Reached skill level 5 in Staves
  9891 | D:8      | Reached skill level 5 in Slings
  9891 | D:8      | Reached skill level 5 in Bows
  9891 | D:8      | Reached skill level 5 in Crossbows
  9891 | D:8      | Reached skill level 5 in Throwing
  9891 | D:8      | Reached skill level 5 in Armour
  9891 | D:8      | Reached skill level 5 in Shields
  9891 | D:8      | Reached skill level 5 in Unarmed Combat
  9891 | D:8      | Reached skill level 5 in Spellcasting
  9891 | D:8      | Reached skill level 5 in Evocations
  9899 | D:8      | HP: 7/73 [yak (14)]
  9899 | D:8      | Slain by a wight

Vanquished Creatures
  A two-headed ogre (D:4)
  2 wyverns
  2 yaks (D:8)
  A steam dragon (D:7)
  A water moccasin (D:6)
  An ice beast (D:6)
  A sky beast (D:6)
  2 black bears
  5 ogres
  A centaur (D:6)
  A kobold brigand (D:6)
  A bullfrog (D:7)
  3 necrophages
  4 scorpions
  5 wights
  A howler monkey (D:6)
  3 hounds
  A jelly (D:6)
  2 orc priests
  Terence (D:3)
  2 orc wizards
  4 iguanas
  Robin (D:3)
  5 river rats
  12 adders
  A white imp (D:6)
  An ufetubus (D:7)
  7 worms
  16 orcs
  8 endoplasms
  2 giant cockroaches
  13 goblins
  8 hobgoblins
  10 jackals
  5 quokkas
  8 ball pythons
  11 bats
  3 frilled lizards (Sewer)
  10 kobolds
  6 rats
172 creatures vanquished.
